 Dungeon Crawl Stone Soup version 0.26-b1-32-g5d43845318 (webtiles) character file.

Game seed: 9415727935606376228

14640165 MisterFreud the Conqueror (level 27, 199/199 HPs)
             Began as a Gargoyle Fighter on Jan 8, 2021.
             Was the Champion of the Shining One.
             Escaped with the Orb
             ... and 15 runes on Jan 9, 2021!
             The game lasted 05:11:33 (107957 turns).

MisterFreud the Conqueror (Gargoyle Fighter)      Turns: 107957, Time: 05:11:34

Health: 199/199    AC: 83    Str: 36    XL:     27
Magic:  40/40      EV:  9    Int: 20    God:    the Shining One [******]
Gold:   11362      SH: 36    Dex:  7    Spells: 26/26 levels left

rFire    . . .     SeeInvis .   a - +9 sacred scourge (holy)
rCold    + . .     Faith    +   c - +8 tower shield {reflect}
rNeg     + + +     Spirit   .   u - +13 crystal plate armour of Context {rPois}
rPois    ∞         Reflect  +   n - +2 hat {Will+}
rElec    +         Harm     .   m - +2 cloak {rCorr}
rCorr    +         Rampage  .   U - +2 pair of gloves {Str+3}
Will     +++++                  Y - +2 pair of boots {run}
Stlth    ..........             s - amulet of faith
HPRegen  0.43/turn              S - ring of Hepliaklqana's Pride {*Slow +Blink Will+ rCorr Int+7}
MPRegen  0.27/turn              r - ring of Bawottot {Will+ AC+4 Str+4}

@: flying, glowing, quick
A: big wings, camouflage 1, clever 1, clumsy 1, cold resistance 1, strong-willed
1, mutation resistance 1, negative energy resistance 1, electricity resistance,
weak 1, unbreathing, petrification resistance, miasma immunity, AC +20
0: Orb of Zot
}: 15/15 runes: decaying, slimy, silver, golden, iron, obsidian, icy, bone,
abyssal, demonic, glowing, magical, fiery, dark, gossamer
a: Stop Flying, Renounce Religion, Evoke Blink, Divine Shield, Cleansing Flame,
Summon Divine Warrior


You escaped.
You worshipped the Shining One.
The Shining One was exalted by your worship.
You visited 18 branches of the dungeon, and saw 89 of its levels.
You visited Pandemonium 1 time, and saw 15 of its levels.
You visited the Abyss 4 times.
You visited 2 bazaars.
You visited 1 ziggurat, and saw 1 of its levels.
You also visited: Ice Cave, Volcano and Desolation.

You collected 12468 gold pieces.
You spent 1106 gold pieces at shops.

Inventory:

Hand Weapons
 a - a +9 sacred scourge of holy wrath (weapon)
 b - a +7 eveningstar of protection
Missiles
 L - 56 boomerangs
 P - 7 throwing nets (quivered)
Armour
 c - a +8 tower shield of reflection (worn)
 m - a +2 cloak of preservation (worn)
 n - a +2 hat of willpower (worn)
 u - the +13 crystal plate armour of Context (worn) {rPois}
   (Okawaru gifted it to you on level 1 of the Vaults)

   It protects you from poison.
 Q - the +0 pair of boots of Integrity {+Fly Str+3 Dex+5 Stlth+}
   (You found it on level 1 of the Tomb of the Ancients)

   It affects your strength (+3).
   It affects your dexterity (+5).
   It lets you fly.
   It makes you more stealthy.
 U - a +2 pair of gloves of strength (worn)
 Y - a +2 pair of boots of running (worn)
Jewellery
 f - the ring of Zedior {rN+ Will+++}
   (You found it on level 3 of the Crypt)

   [ring of positive energy]

   It protects you from negative energy.
   It affects your willpower, your defense against some magical effects.
 j - an uncursed ring of protection from fire
 l - an uncursed amulet of regeneration
 q - a +6 ring of dexterity
 r - the ring of Bawottot (right hand) {Will+ AC+4 Str+4}
   (You took it off a deep elf master archer on level 3 of the Elven Halls)

   [ring of protection]

   It affects your AC (+4).
   It affects your strength (+4).
   It affects your willpower, your defense against some magical effects.
 s - an amulet of faith (around neck)
 t - the ring "Hoenler" {rElec rN+ Int+2 SInv}
   (You found it on level 3 of the Crypt)

   [ring of positive energy]

   It affects your intelligence (+2).
   It insulates you from electricity.
   It protects you from negative energy.
   It lets you see invisible.
 B - the ring of Luecim {+Inv rN+ Int+4}
   (You found it on level 3 of the Crypt)

   [ring of positive energy]

   It affects your intelligence (+4).
   It protects you from negative energy.
   It lets you turn invisible.
 S - the ring of Hepliaklqana's Pride (left hand) {*Slow +Blink Will+ rCorr Int+7}
   (You found it on level 7 of Tartarus)

   [ring of resist corrosion]

   It affects your intelligence (+7).
   It affects your willpower, your defense against some magical effects.
   It lets you blink.
   It provides partial protection from all sources of acid and corrosion.
   It may slow you when you take damage.
 X - the amulet of the Four Winds {rN+ Will+++ Clar}
   (You found it on level 7 of Gehenna)

   [amulet of nothing]

   It protects you from negative energy.
   It affects your willpower, your defense against some magical effects.
   It protects you against confusion.
Wands
 o - a wand of acid (40)
 D - a wand of disintegration (58)
 I - a wand of paralysis (27)
 K - a wand of iceblast (108)
 T - a wand of enslavement (50)
 Z - a wand of digging (18)
Scrolls
 e - 13 scrolls of identify
 g - 17 scrolls of teleportation
 h - 2 scrolls of silence
 x - 4 scrolls of enchant armour
 A - 10 scrolls of fear
 F - 11 scrolls of fog
 G - 3 scrolls of blinking
 H - 2 scrolls of summoning
 M - 9 scrolls of holy word
Potions
 d - a potion of might
 k - 10 potions of ambrosia
 p - 7 potions of haste
 v - 25 potions of curing
 w - 4 potions of magic
 y - 7 potions of heal wounds
 C - 3 potions of cancellation
 N - 7 potions of resistance
 O - 6 potions of berserk rage
Miscellaneous
 i - a tin of tremorstones (2/2)
 E - a phantom mirror
 R - a phial of floods
 V - a box of beasts
 W - a lightning rod (4/4)


   Skills:
 O Level 27 Fighting
 O Level 27 Maces & Flails
 O Level 27 Armour
 O Level 27 Shields
 O Level 27 Invocations
 + Level 25.4 Evocations


You had 26 spell levels left.
You didn't know any spells.
Your spell library contained the following spells:

 Spells                   Type           Power        Failure   Level
 Animate Skeleton         Necr           0%           61%         1
 Apportation              Tloc           0%           61%         1
 Beastly Appendage        Tmut           0%           61%         1
 Corona                   Hex            0%           61%         1
 Foxfire                  Conj/Fire      0%           61%         1
 Freeze                   Ice            0%           61%         1
 Magic Dart               Conj           0%           61%         1
 Pain                     Necr           0%           61%         1
 Sandblast                Erth           0%           61%         1
 Shock                    Conj/Air       0%           61%         1
 Sting                    Tmut/Pois      0%           61%         1
 Summon Small Mammal      Summ           0%           61%         1
 Blink                    Tloc           N/A          75%         2
 Call Imp                 Summ           0%           75%         2
 Corpse Rot               Necr/Air       N/A          75%         2
 Passwall                 Tmut/Erth      0%           75%         2
 Poisonous Vapours        Pois/Air       0%           75%         2
 Searing Ray              Conj           0%           75%         2
 Slow                     Hex            0%           75%         2
 Swiftness                Air            0%           75%         2
 Wereblood                Tmut           0%           75%         2
 Call Canine Familiar     Summ           0%           93%         3
 Confusing Touch          Hex            0%           93%         3
 Conjure Flame            Conj/Fire      0%           93%         3
 Dazzling Flash           Conj/Hex       0%           93%         3
 Frozen Ramparts          Ice            0%           93%         3
 Gell's Gravitas          Tloc           0%           93%         3
 Ignite Poison            Fire/Tmut/Pois 0%           93%         3
 Inner Flame              Hex/Fire       0%           93%         3
 Mephitic Cloud           Conj/Pois/Air  0%           93%         3
 Ozocubu's Armour         Ice            0%           93%         3
 Portal Projectile        Hex/Tloc       0%           93%         3
 Spider Form              Tmut/Pois      0%           93%         3
 Static Discharge         Conj/Air       0%           93%         3
 Stone Arrow              Conj/Erth      0%           93%         3
 Summon Guardian Golem    Hex/Summ       0%           93%         3
 Vampiric Draining        Necr           0%           93%         3
 Airstrike                Air            0%           100%        4
 Animate Dead             Necr           0%           100%        4
 Cause Fear               Hex            0%           100%        4
 Dispel Undead            Necr           0%           100%        4
 Fulminant Prism          Conj/Hex       0%           100%        4
 Hailstorm                Conj/Ice       0%           100%        4
 Ice Form                 Ice/Tmut       0%           100%        4
 Iskenderun's Mystic Bla  Conj/Tloc      0%           100%        4
 Leda's Liquefaction      Hex/Erth       0%           100%        4
 Olgreb's Toxic Radiance  Pois           0%           100%        4
 Passage of Golubria      Tloc           N/A          100%        4
 Petrify                  Tmut/Erth      0%           100%        4
 Sticky Flame             Conj/Fire      0%           100%        4
 Summon Ice Beast         Ice/Summ       0%           100%        4
 Summon Lightning Spire   Summ/Air       0%           100%        4
 Agony                    Necr           0%           100%        5
 Alistair's Intoxication  Tmut/Pois      0%           100%        5
 Blade Hands              Tmut           0%           100%        5
 Bolt of Magma            Conj/Fire/Erth 0%           100%        5
 Borgnjor's Vile Clutch   Necr/Erth      0%           100%        5
 Excruciating Wounds      Necr           0%           100%        5
 Fireball                 Conj/Fire      0%           100%        5
 Irradiate                Conj/Tmut      0%           100%        5
 Iskenderun's Battlesphe  Conj           0%           100%        5
 Lee's Rapid Deconstruct  Erth           0%           100%        5
 Lightning Bolt           Conj/Air       0%           100%        5
 Metabolic Englaciation   Hex/Ice        0%           100%        5
 Silence                  Hex/Air        0%           100%        5
 Summon Demon             Summ           0%           100%        5
 Summon Forest            Summ/Tloc      0%           100%        5
 Summon Mana Viper        Hex/Summ       0%           100%        5
 Yara's Violent Unravell  Hex/Tmut       0%           100%        5
 Conjure Ball Lightning   Conj/Air       0%           100%        6
 Death Channel            Necr           0%           100%        6
 Dispersal                Tloc           0%           100%        6
 Eringya's Noxious Bog    Tmut/Pois      0%           100%        6
 Freezing Cloud           Conj/Ice/Air   0%           100%        6
 Iron Shot                Conj/Erth      0%           100%        6
 Ozocubu's Refrigeration  Ice            0%           100%        6
 Shadow Creatures         Summ           N/A          100%        6
 Simulacrum               Ice/Necr       0%           100%        6
 Starburst                Conj/Fire      0%           100%        6
 Haunt                    Necr/Summ      0%           100%        7
 Malign Gateway           Summ/Tloc      0%           100%        7
 Monstrous Menagerie      Summ           0%           100%        7
 Orb of Destruction       Conj           0%           100%        7
 Spellforged Servitor     Conj/Summ      0%           100%        7
 Summon Greater Demon     Summ           0%           100%        7
 Summon Hydra             Summ           0%           100%        7
 Borgnjor's Revivificati  Necr           0%           100%        8
 Chain Lightning          Conj/Air       0%           100%        8
 Disjunction              Tloc           0%           100%        8
 Ignition                 Fire           0%           100%        8
 Infestation              Necr           0%           100%        8
 Lehudib's Crystal Spear  Conj/Erth      0%           100%        8
 Necromutation            Tmut/Necr      0%           100%        8
 Summon Horrible Things   Summ           0%           100%        8
 Absolute Zero            Ice            0%           100%        9
 Death's Door             Necr           0%           100%        9
 Fire Storm               Conj/Fire      0%           100%        9
 Tornado                  Air            0%           100%        9
 Sublimation of Blood     Necr           Unusable     N/A         2

Dungeon Overview and Level Annotations

Branches:
Dungeon (15/15)            Temple (1/1) D:7            Lair (6/6) D:10
  Swamp (4/4) Lair:4       Spider (4/4) Lair:2        Slime (5/5) Lair:6
    Orc (2/2) D:11            Elf (3/3) Orc:2        Vaults (5/5) D:13
  Crypt (3/3) Vaults:3       Tomb (3/3) Crypt:3      Depths (5/5) D:15
   Hell (visited)             Dis (7/7) Hell            Geh (7/7) Hell
    Coc (7/7) Hell            Tar (7/7) Hell            Zot (5/5) Depths:5
  IceCv (visited)         Volcano (visited)         Desolation (visited)

Altars:
Ashenzari
Cheibriados
Dithmenos
Elyvilon
Fedhas
Gozag
Hepliaklqana
Kikubaaqudgha
Nemelex Xobeh
Okawaru
Qazlal
Ru
Trog
Uskayaw
Vehumet
Xom
Yredelemnul
Zin
The Shining One
Jiyva

Shops:
Orc:1 ?   Orc:2 (:*[   Elf:3 =*   Vaults:1 }   Vaults:3 [*(*   Vaults:4 [
Vaults:5 [   Depths:1 :}   Depths:2 }}=

Portals:
Hell: Depths:1 Depths:2 Depths:3 Depths:4 Depths:5
Abyss: Depths:1 Depths:4 Depths:5
Pandemonium: Depths:3

Annotations:
D:8 2 transporters, salade2fruit's ghost, novice OpIE
D:11 Josephine
Lair:4 exclusion: oklob plant
Swamp:2 2 transporters, Roxanne
Zot:5 3 runed translucent doors


Innate Abilities, Weirdness & Mutations

You are resistant to torment.
Your stone body is resilient. (AC +20)
You are immune to poison.
Your large and strong wings let you fly indefinitely.
You resist negative energy. (rN+)
You are resistant to electric shocks. (rElec)
You can survive without breathing.
You are immune to petrification.
You are immune to miasma.
Your skin changes colour to match your surroundings (Stealth+).
Your mind is acute. (Int +2)
You are clumsy. (Dex -2)
Your flesh is cold resistant. (rC+)
You are strong-willed. (Will+)
You are somewhat resistant to further mutation.
You are weak. (Str -2)


Message History

The Orb Guardian is severely wounded.
You thrash the Orb Guardian!!
You kill the Orb Guardian!
There is a stone staircase leading up here.
You fly upwards.
There is a stone staircase leading down here.
There is a stone staircase leading up here.
You fly upwards.
There is a stone staircase leading down here.
There is a stone staircase leading up here.
You fly upwards.
There is a stone staircase leading down here.
A daeva comes into view.
It is wielding a +3 scimitar of holy wrath and wearing the +4 tower shield "Vowkoheff" {*Contam rCorr Int+2}.
There is a stone staircase leading up here.
You fly upwards.
There is a stone staircase leading down here.
You reach down and open the door.
There is an open door here.
There is a staircase leading out of the dungeon here.
You have escaped!

##........#.(.##
##.## #.#.# #
##........#....##
#..###.#.# #
##........####..#
##.....#.# #
#........#
##.####
#..##.#.###
#......[.#
#....##
##.##.#....
#........#
##'#..#
#.##.#.###
##########
###.##.#
#.##.#.###
#P≈.♣#.#
#.##.#....
#P≈@.'.#
#..#.#.##.
#P≈.♣###
#......... ###.#
#..###.#.. #+#
#......#.. #.#
#.#.##.#.. ####.#
#.#....... #....#
#.##...###
######## #....#
#.##...#
#......####....#
#.#....###


There were no monsters in sight!

Vanquished Creatures
  Cerebov (Pan)
  Antaeus (Coc:7)
  Asmodeus (Geh:7)
  Ereshkigal (Tar:7)
  the Royal Jelly (Slime:5)
  Dissolution (Slime:2)
  Gloorx Vloq (Pan)
  Lom Lobon (Pan)
  Dispater (Dis:7)
  Khufu (Crypt:3)
  8 ancient liches
  3 orbs of fire
  Mennas (Tomb:3)
  A juggernaut (Depths:3)
  28 royal mummies
  Boris (Crypt:1)
  7 shard shrikes
  4 pandemonium lords
  10 Killer Klowns (Zot:5)
  Bai Suzhen (Crypt:2)
  Saint Roka (Vaults:4)
  Frederick (Crypt:2)
  Margery (Depths:4)
  Xtahua (Vaults:4)
  Geryon (Hell)
  A curse toe (Zot:5)
  13 golden dragons
  7 bone dragons
  Jory (Crypt:2)
  13 Brimstone Fiends
  10 Hell Sentinels
  5 iron giants (Dis:7)
  9 Tzitzimimeh
  15 Ice Fiends
  4 doom hounds
  17 tentacled monstrosities
  3 electric golems
  16 liches
  Jorgrun (D:15)
  15 titans
  26 Orb Guardians
  10 deep elf blademasters
  9 deep elf master archers
  12 tentacled starspawn
  17 acid blobs
  5 quicksilver dragons
  14 Executioners
  11 ancient champions
  10 death cobs
  An eldritch tentacle (Tomb:2)
  5 sphinxes
  Gastronok (D:10)
  A thorn hunter (Swamp:3)
  23 shadow dragons
  7 tengu reavers
  5 draconian monks
  7 azure jellies
  15 storm dragons
  4 revenants
  22 fire giants
  Aizul (Vaults:1)
  4 draconian knights
  3 deep elf sorcerers
  9 iron dragons
  21 frost giants
  15 cacodemons
  3 draconian scorchers
  6 ghost moths
  33 balrugs
  2 orc warlords
  21 vault wardens
  2 ghouls (Crypt:1)
  7 emperor scorpions
  5 curse skulls
  12 ironheart preservers
  2 deep elf elementalists
  Louise (Swamp:1)
  6 draconian shifters
  3 elemental wellsprings
  58 reapers
  A warmonger (Pan)
  2 war gargoyles
  2 spriggan defenders (Depths:2)
  26 very ugly things
  3 draconian stormcallers
  9 draconian annihilators
  8 bennus
  11 green draconians
  3 blood saints (Pan)
  8 black draconians
  5 corrupters (Pan)
  25 stone giants
  11 deep elf annihilators
  6 vampire knights
  4 entropy weavers
  5 lorocyprocas
  8 deep elf demonologists
  2 bunyips
  2 dire elephants (Lair:6)
  7 white draconians
  9 spark wasps
  14 yellow draconians
  Azrael (Elf:1)
  16 red draconians
  10 purple draconians
  9 deep elf death magi
  17 eidola
  11 ettins
  A merfolk javelineer (Depths:3)
  9 green deaths
  18 blizzard demons
  A crystal guardian (Vaults:5)
  10 fire dragons
  2 eleionomae
  6 death oozes
  2 deep elf high priests
  2 shambling mangroves
  21 mummy priests
  2 merfolk impalers (Depths:4)
  A ragged hierophant (Desolation)
  10 jiangshi
  10 rakshasas
  15 yaktaur captains
  5 quicksilver dragon zombies
  A kraken zombie (Coc:7)
  12 great orbs of eyes
  A servant of whispers (Desolation)
  26 ice dragons
  39 vault guards
  5 monstrous demonspawn (Pan)
  7 hell beasts
  6 quicksilver dragon skeletons
  9 boulder beetles
  4 spriggan air magi
  15 hydras
  Erolcha (Orc:1)
  7 centaur warriors
  Harold (Lair:1)
  A peacekeeper (Desolation)
  3 ghost crabs
  2 catoblepae
  11 alligators
  38 two-headed ogres
  5 death knights
  7 titan zombies
  21 dancing weapons
  6 spriggan berserkers
  A death yak (IceCv)
  14 deep troll shamans
  4 tengu warriors
  21 hell hogs
  3 deep troll earth magi
  74 death scarabs
  8 thrashing horrors
  2 orc high priests
  39 sun demons
  11 ogre magi
  3 shock serpents (Pan)
  11 vampire magi
  39 hell knights
  22 deep elf knights
  6 iron golems
  5 storm dragon zombies
  5 wretched stars
  24 soul eaters
  12 sixfirhies (Pan)
  13 iron trolls
  A spatial maelstrom (Abyss:2)
  12 shadow wraiths
  3 ghost moth zombies
  6 titan skeletons
  3 death drakes (Depths:5)
  73 skeletal warriors
  2 storm dragon skeletons
  A fire crab (Lair:4)
  An unseen horror (shapeshifter) (Depths:3)
  5 goliath frogs
  4 swamp dragons
  42 deep trolls
  3 golden dragon zombies
  6 gelid demonspawn (Pan)
  3 torturous demonspawn (Pan)
  A quicksilver dragon simulacrum (Coc:5)
  17 anaconda zombies
  2 spriggan druids
  30 deep elf archers
  7 glowing orange brains
  An infernal demonspawn (Pan)
  5 flayed ghosts
  An unseen horror (D:11)
  2 orange crystal statues
  8 shadow dragon zombies
  6 lindwurms
  11 bog bodies
  22 starcursed masses
  A bunyip skeleton (Crypt:1)
  5 wolf spider zombies
  17 shadow demons
  12 phantasmal warriors
  7 anaconda skeletons
  12 wizards
  24 necromancers
  An obsidian statue (Zot:1)
  5 golden dragon skeletons
  6 orc knights
  18 ironbrand convokers
  6 stone giant zombies
  A mana viper (Abyss:2)
  25 wolf spiders
  6 frost giant zombies
  8 orb spiders
  61 deep elf magi
  5 orc sorcerers
  6 shining eyes
  5 fire giant zombies
  An iron dragon zombie (Hell)
  24 moths of wrath
  2 shadow dragon skeletons
  6 oklob plants
  3 manticores
  56 ugly things
  A faun (shapeshifter) (Depths:4)
  A cyclops (D:15)
  6 will-o-the-wisps
  A centaur zombie (D:11)
  An elephant (shapeshifter) (Vaults:1)
  4 iron dragon skeletons
  3 worldbinders (Abyss:2)
  8 frost giant skeletons
  A black mamba (shapeshifter) (Elf:1)
  7 elephants
  23 smoke demons
  A shock serpent zombie (Geh:7)
  2 dire elephant zombies
  24 rust devils
  11 vault sentinels
  Maurice (D:11)
  2 cane toads (shapeshifter)
  5 black mambas
  9 molten gargoyles
  7 stone giant skeletons
  3 guardian serpents (Desolation)
  A shock serpent skeleton (Coc:7)
  2 guardian serpents (shapeshifter)
  6 ice statues
  11 cane toads
  4 eyes of devastation
  3 emperor scorpion zombies
  3 fire giant skeletons
  A torpor snail (shapeshifter) (Vaults:5)
  24 orange demons
  Joseph (D:7)
  3 gargoyles
  A purple draconian zombie (Geh:7)
  2 torpor snails (Spider:2)
  64 yaktaurs
  5 efreet
  A rime drake (shapeshifter) (Depths:3)
  4 rime drakes
  6 komodo dragons
  A dire elephant skeleton (Coc:7)
  63 ice devils
  35 freezing wraiths
  3 kobold demonologists (D:14)
  38 tormentors
  45 guardian mummies
  2 komodo dragons (shapeshifter)
  29 hellions
  A golden dragon simulacrum (Coc:7)
  19 demonic crawlers
  An anaconda simulacrum (Coc:3)
  3 catoblepas zombies
  30 hellwings
  A green draconian skeleton (Crypt:2)
  2 silent spectres
  25 red devils
  5 harpy zombies
  A black draconian skeleton (Crypt:1)
  22 polar bears
  7 hydra zombies
  2 wind drakes (Depths:5)
  7 ancient zymes
  A queen bee (Spider:3)
  9 tyrant leeches
  A jumping spider (shapeshifter) (Depths:5)
  A queen bee (shapeshifter) (Vaults:5)
  39 jumping spiders
  30 blink frogs
  A bloated husk (Swamp:3)
  12 trolls
  22 hornets
  9 ettin zombies
  5 ice dragon zombies
  8 raiju
  7 alligator zombies
  15 saltlings (Desolation)
  A fire giant simulacrum (Crypt:1)
  115 slime creatures
  4 harpy skeletons
  11 hydra skeletons
  4 fire dragon zombies
  A human simulacrum (Vaults:1)
  117 flying skulls
  2 alligator skeletons
  20 water elementals
  A meliai zombie (D:15)
  76 redbacks
  8 spriggans
  An air elemental (Elf:1)
  17 shadows
  A fire dragon skeleton (Coc:5)
  30 tarantellas
  2 spriggans (shapeshifter)
  4 ettin skeletons
  A black mamba zombie (Dis:7)
  45 large abominations
  A hog (Spider:2)
  9 wyverns
  14 ynoxinuls
  A redback (shapeshifter) (Depths:3)
  An ice dragon skeleton (Geh:7)
  23 fire elementals
  35 wraiths
  18 neqoxecs
  55 yaks
  A dire elephant simulacrum (Hell)
  13 golden eyes
  7 vampire mosquitoes
  5 basilisks
  9 chaos spawn
  7 ushabtiu
  Grum (D:10)
  4 steam dragons
  7 wargs
  A gelid demonspawn zombie (Dis:7)
  16 water moccasins
  A merfolk zombie (Dis:7)
  4 soldier ants
  18 swamp worms
  A naga (shapeshifter) (Vaults:3)
  A spatial vortex (Abyss:2)
  5 acid dragons
  9 cane toad zombies
  2 hydra simulacra
  A floating eye (Lair:6)
  48 hell hounds
  A gelid demonspawn skeleton (Crypt:2)
  32 orc warriors
  A manticore zombie (Dis:3)
  11 swamp drakes
  A black bear (Lair:5)
  2 cane toad skeletons
  5 eyes of draining
  8 phantoms
  A black bear (shapeshifter) (D:13)
  9 ice beasts
  2 sky beasts
  2 swamp dragon zombies
  15 necrophages
  4 snapping turtle zombies
  38 ogres
  39 wolves
  4 boggarts (Lair:5)
  14 centaurs
  An elephant skeleton (Crypt:2)
  A manticore skeleton (Coc:7)
  2 swamp dragon skeletons
  3 snapping turtle skeletons
  15 bullfrogs
  A yaktaur zombie (Crypt:1)
  5 big kobolds
  14 small abominations
  3 elf zombies
  2 cane toad simulacra
  2 earth elementals
  A water moccasin zombie (D:6)
  4 scorpions
  4 troll zombies
  8 wyvern skeletons
  11 killer bees (D:12)
  2 snapping turtle simulacra (Coc:3)
  A spriggan zombie (Crypt:3)
  51 wights
  2 howler monkeys
  5 electric eels
  2 troll skeletons (Swamp:1)
  16 crimson imps
  2 bullfrog zombies
  3 quasits
  15 orc priests
  7 centaur skeletons
  9 hounds
  4 jellies
  28 orc wizards
  8 iron imps
  7 iguanas
  A spriggan simulacrum (Coc:7)
  A lightning spire (Zot:1)
  12 worker ants
  A killer bee zombie (D:7)
  A deep dwarf zombie (Crypt:2)
  A dwarf skeleton (Crypt:1)
  A big kobold skeleton (Crypt:1)
  A felid skeleton (Crypt:1)
  An ogre skeleton (Crypt:2)
  A hound skeleton (D:5)
  A tengu skeleton (Hell)
  57 mummies
  A howler monkey zombie (D:5)
  2 worker ant zombies
  10 adders
  7 gnolls
  2 howler monkey skeletons
  3 shadow imps
  56 white imps
  4 ufetubi
  2 oozes
  An adder zombie (D:6)
  2 adder skeletons
  An iguana skeleton (Crypt:1)
  5 worms
  6 leopard geckos
  90 orcs
  4 giant cockroaches
  10 goblins
  9 hobgoblins
  16 jackals
  4 quokkas
  7 bats
  6 frilled lizards
  16 kobolds
  A kobold zombie (Dis:3)
  An orc zombie (Crypt:1)
  A quokka zombie (D:8)
  7 rats
  A lurking horror (Abyss:1)
  2 pillars of salt (Elf:2)
  9 starspawn tentacles
4461 creatures vanquished.

Vanquished Creatures (collateral kills)
  Mnoleg (Pan)
  2 royal mummies (Tomb:3)
  A Tzitzimitl (Tar:7)
  A hellephant (Hell)
  4 titans
  5 Executioners (Pan)
  3 shadow dragons
  2 storm dragons
  A fire giant (Depths:5)
  3 cacodemons
  A blood saint (Pan)
  A warmonger (Pan)
  A corrupter (Pan)
  A balrug (Pan)
  3 reapers
  2 draconian annihilators (Pan)
  2 very ugly things (Pan)
  A monstrous demonspawn (Pan)
  A death scarab (Tomb:3)
  4 sun demons
  2 deep elf knights (Crypt:3)
  A sixfirhy (Pan)
  2 skeletal warriors
  2 anaconda zombies (Hell)
  2 soul eaters
  2 shadow wraiths (Pan)
  A gelid demonspawn (Pan)
  A deep elf archer (Zot:1)
  A golden dragon skeleton (Hell)
  A necromancer (Hell)
  A deep elf mage (Zot:1)
  3 ugly things (Pan)
  A frost giant zombie (Hell)
  A stone giant zombie (Hell)
  A moth of wrath (Zot:3)
  A frost giant skeleton (Geh:6)
  2 orange demons (Pan)
  An efreet (Pan)
  A demonic crawler (Pan)
  2 hellwings (Crypt:3)
  2 guardian mummies
  3 red devils
  A silent spectre (Tar:7)
  A hydra zombie (Tar:7)
  3 flying skulls
  A fire dragon skeleton (Pan)
  An alligator skeleton (Hell)
  An ettin skeleton (Pan)
  A wraith (Tar:7)
  2 fire elementals (Hell)
  2 neqoxecs (Pan)
  5 large abominations (Pan)
  5 hell hounds
  A necrophage (Tar:7)
  A manticore zombie (Hell)
  A swamp dragon skeleton (Hell)
  A wyvern skeleton (Crypt:3)
  A spriggan zombie (Geh:7)
102 creatures vanquished.

Vanquished Creatures (others)
  A golden dragon (Depths:4)
  An ancient champion (Dis:7)
  An elemental wellspring (Coc:7)
  A black sun (Pan)
  A deep elf high priest (Elf:3)
  2 hell hogs
  A spriggan berserker (Depths:3)
  A spriggan (Swamp:1)
  A sixfirhy (Pan)
  A skeletal warrior (Dis:2)
  A lindwurm (Depths:5)
  An ugly thing (Depths:2)
  A tormentor (Geh:6)
  4 bloated husks
  A red devil (Geh:7)
  A hornet (Swamp:1)
  2 wraiths
  A spriggan simulacrum (Depths:3)
  A basilisk (Lair:6)
  2 hell hounds (Tar:6)
  An acid dragon (Zot:2)
  3 boggarts (Depths:3)
  4 wights
  A crimson imp (Depths:1)
  A lightning spire (Zot:1)
  A shadow imp (Tar:2)
  A white imp (Depths:1)
  2 orcs (D:7)
  24 ball lightnings (Pan)
  2 blocks of ice (Pan)
  A bush (Lair:5)
  26 foxfires
  44 fungi
  A lurking horror (Abyss:2)
  A pillar of salt (Elf:2)
  76 plants
  37 starspawn tentacles
  10 withered plants (Crypt:3)
262 creatures vanquished.

Grand Total: 4825 creatures vanquished

Notes
Turn   | Place    | Note
-------+----------+-------------------------------------------
     0 | D:1      | MisterFreud the Gargoyle Fighter began the quest for the
                  | Orb.
     0 | D:1      | Reached XP level 1. HP: 14/14 MP: 1/1
   193 | D:1      | Reached XP level 2. HP: 17/19 MP: 2/2
   600 | D:1      | Reached XP level 3. HP: 23/23 MP: 3/3
  1380 | D:2      | Reached XP level 4. HP: 28/28 MP: 4/4
  2140 | D:3      | Reached skill level 5 in Maces & Flails
  2214 | D:3      | Reached XP level 5. HP: 32/32 MP: 5/5
  2812 | D:4      | Reached XP level 6. HP: 34/37 MP: 6/6
  2844 | D:4      | Found a radiant altar of Vehumet.
  2845 | D:4      | Noticed a phantom
  2902 | D:4      | Killed a phantom
  3292 | D:5      | Entered Level 5 of the Dungeon
  3312 | D:5      | Noticed a phantom
  3352 | D:5      | Killed a phantom
  3353 | D:5      | Reached XP level 7. HP: 34/41 MP: 7/7
  4385 | D:6      | Reached XP level 8. HP: 32/48 MP: 8/8
  4492 | D:6      | Found a sparkling altar of Nemelex Xobeh.
  5104 | D:6      | Reached skill level 5 in Fighting
  5104 | D:6      | Reached skill level 5 in Armour
  5104 | D:6      | Reached skill level 5 in Shields
  5345 | D:6      | Found a glowing silver altar of Zin.
  5599 | D:7      | Found a staircase to the Ecumenical Temple.
  5621 | D:7      | Reached XP level 9. HP: 52/54 MP: 9/9
  5640 | Temple   | Entered the Ecumenical Temple
  5653 | Temple   | Became a worshipper of Warmaster Okawaru
  6109 | D:7      | Noticed Joseph
  6132 | D:7      | Killed Joseph
  6704 | D:8      | Reached * piety under Okawaru
  6819 | D:8      | Reached skill level 10 in Maces & Flails
  6825 | D:8      | Noticed salade2fruit's ghost (novice OpIE)
  6826 | D:8      | Noticed a centaur warrior
  6862 | D:8      | Found a transporter.
  6865 | D:8      | Found a transporter.
  7957 | D:8      | Reached ** piety under Okawaru
  8098 | D:9      | Reached XP level 10. HP: 60/60 MP: 10/10
  8648 | D:9      | Found a snail-covered altar of Cheibriados.
  8648 | D:9      | Found a white marble altar of Elyvilon.
  8855 | D:9      | Reached skill level 1 in Invocations
  9058 | D:9      | Found a shimmering altar of Xom.
  9901 | D:10     | Entered Level 10 of the Dungeon
  9951 | D:10     | Reached skill level 1 in Evocations
 10021 | D:10     | Reached *** piety under Okawaru
 10252 | D:10     | Found a snail-covered altar of Cheibriados.
 10311 | D:10     | Noticed Grum
 10327 | D:11     | Noticed Maurice
 10636 | D:10     | Killed Grum
 10806 | D:10     | Noticed Gastronok
 10816 | D:10     | HP: 1/60 [Gastronok (16)]
 10823 | D:10     | Killed Gastronok
 10823 | D:10     | Reached **** piety under Okawaru
 10823 | D:10     | Received a gift from Okawaru
 10823 | D:10     | Reached ***** piety under Okawaru
 10824 | D:10     | Reached skill level 5 in Invocations
 10824 | D:10     | Reached skill level 5 in Evocations
 10824 | D:10     | Reached XP level 11. HP: 22/64 MP: 11/15
 11104 | D:10     | Found a staircase to the Lair.
 11443 | D:11     | Killed Maurice
 11868 | D:11     | Noticed Josephine
 11977 | Lair:1   | Entered Level 1 of the Lair of Beasts
 13065 | Lair:2   | Found a hole to the Spider Nest.
 13065 | Lair:2   | Noticed an orb spider
 13066 | Lair:2   | an orb spider changed into a wolf
 13128 | Lair:2   | Received a gift from Okawaru
 13447 | Lair:2   | Noticed Harold
 13491 | Lair:1   | Killed Harold
 14393 | Lair:3   | Received a gift from Okawaru
 14411 | Lair:3   | Reached XP level 12. HP: 50/73 MP: 16/16
 14445 | Lair:3   | Identified a +0 pair of boots of running (Okawaru gifted it
                  | to you on level 3 of the Lair of Beasts)
 14657 | Lair:3   | Noticed a boulder beetle
 14821 | Lair:2   | Killed a boulder beetle
 15583 | Lair:3   | Reached ****** piety under Okawaru
 15922 | Lair:3   | Reached skill level 10 in Fighting
 16099 | Lair:4   | Found a staircase to the Swamp.
 16126 | Lair:4   | Reached skill level 10 in Shields
 16505 | Lair:4   | Received a gift from Okawaru
 17038 | Lair:4   | Reached XP level 13. HP: 82/82 MP: 18/18
 17697 | Lair:5   | Found a dark tunnel.
 17707 | Volcano  | Entered a volcano
 17798 | Volcano  | Gained mutation: Your large and strong wings let you fly
                  | indefinitely. [Gargoyle growth]
 17798 | Volcano  | Reached XP level 14. HP: 86/88 MP: 19/21
 18327 | Lair:5   | Reached skill level 10 in Armour
 18327 | Lair:5   | Reached skill level 10 in Invocations
 18617 | Lair:5   | Received a gift from Okawaru
 19174 | Lair:6   | Entered Level 6 of the Lair of Beasts
 19376 | Lair:6   | Paralysed by a floating eye for 4 turns
 19896 | Lair:6   | Noticed a dire elephant
 20283 | Lair:6   | Noticed a dire elephant
 20859 | Lair:6   | Killed a dire elephant
 20860 | Lair:6   | Reached skill level 10 in Evocations
 21133 | Lair:6   | Received a gift from Okawaru
 21136 | Lair:6   | Got a transparent chain mail {god gift}
 21147 | Lair:6   | Identified the +6 chain mail of Okawaru's Indignation
                  | {Str+3} (Okawaru gifted it to you on level 6 of the Lair of
                  | Beasts)
 21186 | Lair:6   | Killed a dire elephant
 21809 | D:11     | Reached XP level 15. HP: 79/99 MP: 17/22
 22025 | D:11     | Found a staircase to the Orcish Mines.
 22319 | D:11     | Got a spiked plate armour
 22342 | D:11     | Identified the cursed +1 plate armour of the Lumpy Mice
                  | {Str+4} (You found it on level 11 of the Dungeon)
 23703 | D:13     | Found a glowing silver altar of Zin.
 23746 | D:13     | Received a gift from Okawaru
 23747 | D:13     | Reached skill level 15 in Fighting
 23750 | D:13     | Got an ebony dire flail {god gift}
 23751 | D:13     | Identified the +7 dire flail "Gokiurym" {elec, rF+ Stlth+}
                  | (Okawaru gifted it to you on level 13 of the Dungeon)
 24853 | D:13     | Received a gift from Okawaru
 24859 | D:13     | Got a crystal great mace {god gift}
 24860 | D:13     | Identified the +6 great mace of the Heavens {protect,
                  | Int+2} (Okawaru gifted it to you on level 13 of the
                  | Dungeon)
 24936 | D:13     | Found a gate to the Vaults.
 24975 | D:14     | Reached skill level 15 in Maces & Flails
 25009 | D:14     | Found a frozen archway.
 25022 | IceCv    | Entered an ice cave
 25499 | IceCv    | Received a gift from Okawaru
 25540 | IceCv    | Noticed a frost giant
 25559 | IceCv    | Killed a frost giant
 26415 | D:14     | Found a sacrificial altar of Ru.
 26611 | D:15     | Entered Level 15 of the Dungeon
 26645 | D:15     | Noticed Jorgrun
 26658 | D:15     | Killed Jorgrun
 26658 | D:15     | Received a gift from Okawaru
 26659 | D:15     | Reached XP level 16. HP: 79/108 MP: 20/23
 26946 | D:15     | Cast into level 2 of the Abyss (a wizard)
 26988 | Abyss:2  | Noticed a tentacled starspawn
 26991 | Abyss:2  | Got a slimy chain mail
 27016 | Abyss:2  | Killed a tentacled starspawn
 27322 | Abyss:2  | Noticed a tentacled starspawn
 27328 | Abyss:2  | Killed a tentacled starspawn
 27402 | D:15     | Escaped the Abyss
 27404 | D:15     | Received a gift from Okawaru
 27812 | D:15     | Found a staircase to the Depths.
 28116 | Orc:1    | Entered Level 1 of the Orcish Mines
 28118 | Orc:1    | Noticed Erolcha
 28135 | Orc:1    | Killed Erolcha
 28276 | Orc:1    | Identified the +8 chain mail of Gestures {Int+3 Dex+4} (You
                  | found it on level 2 of the Abyss)
 28405 | Orc:1    | Found an iron altar of Okawaru.
 28422 | Orc:1    | Found Naahun's Magic Scroll Boutique.
 28544 | Orc:1    | Bought a scroll of enchant armour for 127 gold pieces
 28544 | Orc:1    | Bought a scroll of teleportation for 51 gold pieces
 28544 | Orc:1    | Bought a scroll of teleportation for 51 gold pieces
 28544 | Orc:1    | Bought a scroll of teleportation for 51 gold pieces
 28544 | Orc:1    | Bought a scroll of enchant weapon for 127 gold pieces
 28544 | Orc:1    | Bought a scroll of blinking for 127 gold pieces
 28618 | Orc:1    | You are sucked into a shaft and drop 1 floor!
 28618 | Orc:2    | Entered Level 2 of the Orcish Mines
 28622 | Orc:2    | Found Hustees's Antique Armour Boutique.
 28687 | Orc:2    | Received a gift from Okawaru
 28846 | Orc:2    | Found Fol Tepa's General Store.
 28877 | Orc:2    | Found Benon's Antique Weapon Boutique.
 28877 | Orc:2    | Found a staircase to the Elven Halls.
 29534 | Orc:2    | Found Ricuc's Book Boutique.
 30199 | Spider:1 | Entered Level 1 of the Spider Nest
 30598 | Spider:1 | Reached XP level 17. HP: 113/116 MP: 24/24
 31147 | Spider:1 | You are sucked into a shaft and drop 1 floor!
 31297 | Spider:2 | Received a gift from Okawaru
 32383 | Spider:1 | Received a gift from Okawaru
 32384 | Spider:1 | Found the +5 demon whip "Spellbinder" {antimagic, Will+}
 33470 | Spider:3 | Received a gift from Okawaru
 34262 | Spider:4 | Entered Level 4 of the Spider Nest
 35054 | Spider:4 | Received a gift from Okawaru
 35185 | Spider:4 | Reached XP level 18. HP: 114/125 MP: 1/25
 35603 | Spider:4 | Received a gift from Okawaru
 35637 | Spider:4 | Reached skill level 15 in Shields
 36372 | Spider:4 | Got a gossamer rune of Zot
 36613 | Swamp:1  | Entered Level 1 of the Swamp
 36780 | Swamp:1  | Received a gift from Okawaru
 36803 | Swamp:1  | Noticed Louise
 36822 | Swamp:1  | Killed Louise
 37847 | Swamp:2  | Received a gift from Okawaru
 37984 | Swamp:2  | Found a transporter.
 38091 | Swamp:2  | Noticed Roxanne
 38423 | Swamp:2  | Found a transporter.
 39167 | Swamp:4  | Entered Level 4 of the Swamp
 39189 | Swamp:3  | Received a gift from Okawaru
 39791 | Swamp:3  | Reached XP level 19. HP: 41/136 MP: 26/26
 40126 | Swamp:4  | Identified the +2 plate armour of Midwinter {SInv} (You
                  | found it on level 4 of the Swamp)
 40595 | Swamp:4  | Received a gift from Okawaru
 40817 | Swamp:4  | Got a decaying rune of Zot
 41268 | Vaults:1 | Entered Level 1 of the Vaults
 41621 | Vaults:1 | Found Doykhamm's Gadget Boutique.
 41976 | Vaults:1 | Received a gift from Okawaru
 42005 | Vaults:1 | Identified the +13 crystal plate armour of Context {rPois}
                  | (Okawaru gifted it to you on level 1 of the Vaults)
 43317 | Vaults:1 | Received a gift from Okawaru
 43397 | Vaults:1 | Noticed Aizul
 43410 | Vaults:1 | Killed Aizul
 43411 | Vaults:1 | Reached skill level 15 in Armour
 43897 | Vaults:2 | Reached XP level 20. HP: 134/144 MP: 27/27
 44545 | Vaults:2 | Received a gift from Okawaru
 45206 | Vaults:2 | Found Saeta's Armour Shoppe.
 45466 | Vaults:3 | Found Plog's Armour Shoppe.
 45710 | Vaults:3 | Received a gift from Okawaru
 45741 | Vaults:3 | Found Pecril's Assorted Antiques.
 45762 | Vaults:3 | Bought a scroll of fear for 126 gold pieces
 46014 | Vaults:3 | Found a staircase to the Crypt.
 46050 | Vaults:3 | Found a glowing golden altar of the Shining One.
 46399 | Vaults:3 | Received a gift from Okawaru
 46652 | Vaults:3 | Found Emueg's Weapon Shoppe.
 46930 | Vaults:3 | Found Bimaet's General Store.
 47220 | Vaults:4 | Noticed Xtahua
 47231 | Vaults:4 | Noticed Saint Roka
 47249 | Vaults:4 | Killed Xtahua
 47268 | Vaults:4 | Killed Saint Roka
 47271 | Vaults:4 | Reached XP level 21. HP: 75/148 MP: 23/28
 47584 | Vaults:4 | Found Biywk's Antique Armour Shoppe.
 47623 | Vaults:4 | Received a gift from Okawaru
 48128 | Vaults:4 | Received a gift from Okawaru
 48999 | Vaults:5 | Entered Level 5 of the Vaults
 49203 | Elf:1    | Entered Level 1 of the Elven Halls
 49350 | Elf:1    | Noticed Azrael
 49490 | Elf:1    | Received a gift from Okawaru
 49493 | Elf:1    | Identified the +0 pair of boots of Recklessness {rC++ Int+2
                  | Slay+3} (Okawaru gifted it to you on level 1 of the Elven
                  | Halls)
 49542 | Elf:1    | Killed Azrael
 49853 | Elf:1    | Identified Etepopn's Compendium of Evil
 50111 | Elf:1    | Found a gateway to a bazaar.
 50265 | Bazaar   | Entered a bazaar
 50290 | Bazaar   | Found Jiciapp's Antique Weapon Boutique.
 50325 | Bazaar   | Found Liyjiz's Distillery.
 50330 | Bazaar   | Bought a potion of might for 44 gold pieces
 50330 | Bazaar   | Bought a potion of heal wounds for 55 gold pieces
 50358 | Bazaar   | Found Noecruh's General Store.
 50363 | Bazaar   | Bought a scroll of teleportation for 33 gold pieces
 50363 | Bazaar   | Bought a potion of invisibility for 88 gold pieces
 50363 | Bazaar   | Bought a scroll of teleportation for 33 gold pieces
 50363 | Bazaar   | Bought a potion of invisibility for 88 gold pieces
 50398 | Bazaar   | Found Intud's Weapon Shoppe.
 50465 | Bazaar   | Found Otauh's Weapon Emporium.
 50531 | Elf:2    | Found a flickering gateway to a bazaar.
 50670 | Elf:2    | Found a ruined gateway.
 50680 | Desolati | Entered the Desolation of Salt
 51226 | Elf:2    | Found a runed translucent gate.
 51230 | Elf:2    | Found a runed translucent gate.
 51231 | Elf:2    | Found a runed translucent gate.
 51274 | Elf:2    | Reached XP level 22. HP: 125/155 MP: 29/29
 51323 | Elf:2    | Received a gift from Okawaru
 51501 | Bazaar   | Entered a bazaar
 51501 | Bazaar   | Found Tyrory's Antique Weapon Shoppe.
 51501 | Bazaar   | Found Orutig's Gadget Emporium.
 51505 | Bazaar   | Found Oxzeohin's Armour Shoppe.
 51519 | Bazaar   | Found Plog's General Store.
 52406 | Elf:3    | Entered Level 3 of the Elven Halls
 52418 | Elf:3    | Received a gift from Okawaru
 52576 | Elf:3    | Identified Ynofup's Compendium of Gliding Unholy Rituals
 52708 | Elf:3    | Found Orcho's General Store.
 52708 | Elf:3    | Found Zimakk's Jewellery Emporium.
 52726 | Elf:3    | Bought a scroll of fear for 49 gold pieces
 52726 | Elf:3    | Bought a potion of might for 56 gold pieces
 54159 | Elf:3    | Identified the +3 robe of Gysk {rF+}
 54159 | Elf:3    | Identified the +12 plate armour of the Seven Hells {rF+
                  | Slay+5}
 54159 | Elf:3    | Identified the ring "Ulihiyrem" {rC+ Int+6}
 54161 | Elf:3    | Identified the ring of Bawottot {Will+ AC+4 Str+4}
 54177 | Elf:3    | Received a gift from Okawaru
 54352 | Elf:3    | Identified Ofucs's Almanac of the Voyage and Contamination
 54356 | Elf:3    | Identified the Reference Book on the Snowflakes and Dark
                  | Magic
 54723 | Depths:1 | Entered Level 1 of the Depths
 54724 | Depths:1 | Found a one-way gate to the infinite horrors of the Abyss.
 55211 | Depths:1 | Identified a scroll of acquirement
 55479 | Depths:1 | Found a gateway to Hell.
 55545 | Depths:1 | Received a gift from Okawaru
 55548 | Depths:1 | Identified the -1 pair of boots of Inaction {rN+ MP+9
                  | Str+2} (Okawaru gifted it to you on level 1 of the Depths)
 55580 | Depths:1 | Reached XP level 23. HP: 112/160 MP: 30/30
 55582 | Depths:1 | Found Adwa's Book Emporium.
 55717 | Depths:1 | Found Tufrul's Gadget Emporium.
 56546 | Depths:2 | Found Jaresog's Gadget Shop.
 56548 | Depths:2 | Found Mimumn's Jewellery Emporium.
 56549 | Depths:2 | Found Ynur's Gadget Shop.
 57116 | Depths:2 | Noticed a golden dragon
 57322 | Depths:2 | Killed a golden dragon
 57322 | Depths:2 | Received a gift from Okawaru
 57537 | Depths:2 | Identified the ring "Hiagups" {*Drain rElec Will+ Dex-3
                  | Slay+4} (You found it on level 2 of the Depths)
 58011 | Depths:2 | Acquired a +4 eveningstar of protection
 58389 | Depths:2 | Found a gateway to a ziggurat.
 58982 | Depths:3 | Found a one-way gate leading to the halls of Pandemonium.
 59420 | Depths:3 | Received a gift from Okawaru
 59674 | Depths:3 | Noticed a juggernaut
 59674 | Depths:3 | Noticed a golden dragon
 59704 | Depths:3 | Reached XP level 24. HP: 98/171 MP: 30/30
 59980 | Depths:3 | Identified the +6 quarterstaff of Growth {speed, Fragile
                  | rN+ Int+3 Stlth+}
 60079 | Depths:3 | Received a gift from Okawaru
 60628 | Depths:3 | Killed a juggernaut
 61015 | Depths:4 | Noticed Margery
 61514 | Depths:4 | Received a gift from Okawaru
 61879 | Depths:4 | Identified the cursed ring of Linearity {*Corrode Str+4
                  | Dex+9 Slay-4}
 61972 | Depths:4 | Identified the +11 plate armour of Rotation {Regen+ Dex+2}
                  | (You found it on level 4 of the Depths)
 62435 | Depths:4 | Killed Margery
 63263 | Depths:5 | Entered Level 5 of the Depths
 63290 | Depths:5 | Received a gift from Okawaru
 63783 | Depths:5 | Reached XP level 25. HP: 138/183 MP: 30/30
 65571 | Depths:5 | Received a gift from Okawaru
 65605 | Depths:5 | Found a gate to the Realm of Zot.
 66481 | Vaults:5 | Received a gift from Okawaru
 66504 | Vaults:5 | Reached skill level 27 in Fighting
 67018 | Vaults:5 | Identified the +5 hand axe of Precise Incision {pain, rPois
                  | Will- SInv}
 67150 | Vaults:5 | Received a gift from Okawaru
 67448 | Vaults:5 | Identified the +6 longbow of the Scorpion {venom, Int+4}
 67670 | Vaults:5 | Reached XP level 26. HP: 187/193 MP: 30/30
 68238 | Vaults:5 | Identified the +2 plate armour of the Leaf {rF+ rC+ Will++}
 68283 | Vaults:5 | Identified the cursed +0 crystal plate armour "Delloili"
                  | {SInv}
 68300 | Vaults:5 | Noticed an ancient lich
 68320 | Vaults:5 | Killed an ancient lich
 68476 | Vaults:5 | Identified the Incunabulum of the Volcanoes
 68566 | Vaults:5 | Found Joyfaus's Armour Boutique.
 68839 | Vaults:5 | Received a gift from Okawaru
 68855 | Vaults:5 | Got a silver rune of Zot
 69088 | Vaults:5 | Noticed an ancient lich
 69104 | Vaults:5 | Killed an ancient lich
 69410 | Vaults:5 | Identified the cursed +1 quarterstaff "Obopatz" {pain,
                  | Str+3 Int-3 Dex+4}
 69966 | Lair:6   | Found a staircase to the Slime Pits.
 69978 | Slime:1  | Entered Level 1 of the Pits of Slime
 70288 | Slime:2  | Noticed Dissolution
 70296 | Slime:2  | Killed Dissolution
 70326 | Slime:2  | Gained mutation: You are weak. (Str -2) [a shining eye]
 70332 | Slime:2  | Gained mutation: Your spells are a little easier to cast,
                  | but a little less powerful. [a shining eye]
 70333 | Slime:2  | Gained mutation: Your body sometimes deteriorates upon
                  | taking damage. [a shining eye]
 70336 | Slime:2  | Gained mutation: Your body often deteriorates upon taking
                  | damage. [a shining eye]
 70358 | Slime:2  | Gained mutation: You are frail. (-10% HP) [a shining eye]
 70468 | Slime:3  | Gained mutation: Potions are less effective at restoring
                  | your health. [a shining eye]
 70471 | Slime:3  | Gained mutation: You do not regenerate when monsters are
                  | visible. [a shining eye]
 70474 | Slime:3  | Gained mutation: You are occasionally teleported next to
                  | monsters. [a shining eye]
 70918 | Slime:4  | Gained mutation: You are very weak. (Str -4) [a shining
                  | eye]
 71133 | Slime:4  | Received a gift from Okawaru
 71265 | Slime:5  | Entered Level 5 of the Pits of Slime
 71443 | Slime:5  | Lost mutation: Potions are less effective at restoring your
                  | health. [potion of mutation]
 71443 | Slime:5  | Lost mutation: Your spells are a little easier to cast, but
                  | a little less powerful. [potion of mutation]
 71443 | Slime:5  | Lost mutation: You are occasionally teleported next to
                  | monsters. [potion of mutation]
 71443 | Slime:5  | Gained mutation: Scrolls take you a little longer to read.
                  | [potion of mutation]
 71443 | Slime:5  | Lost mutation: Your body often deteriorates upon taking
                  | damage. [potion of mutation]
 71443 | Slime:5  | Gained mutation: You are strong-willed. (Will+) [potion of
                  | mutation]
 71730 | Slime:5  | Noticed the Royal Jelly
 71731 | Slime:5  | Found a viscous altar of Jiyva.
 71760 | Slime:5  | Killed the Royal Jelly
 71761 | Slime:5  | Reached XP level 27. HP: 93/179 MP: 25/30
 72345 | Slime:5  | Gained mutation: Your magical capacity is low. (-10% MP) [a
                  | shining eye]
 72348 | Slime:5  | Gained mutation: Your body often deteriorates upon taking
                  | damage. [a shining eye]
 72358 | Slime:5  | Gained mutation: Your magical capacity is very low. (-20%
                  | MP) [a shining eye]
 72850 | Slime:5  | Found the cursed necklace of Bloodlust {*Rage +Rage Will++
                  | Int-3 Slay+6 *Curse}
 72925 | Slime:5  | Got a slimy rune of Zot
 73418 | Lair:6   | Lost mutation: You are frail. (-10% HP) [potion of
                  | mutation]
 73418 | Lair:6   | Lost mutation: Your body often deteriorates upon taking
                  | damage. [potion of mutation]
 73418 | Lair:6   | Lost mutation: Your magical capacity is very low. (-20% MP)
                  | [potion of mutation]
 73418 | Lair:6   | Lost mutation: Your body sometimes deteriorates upon taking
                  | damage. [potion of mutation]
 73418 | Lair:6   | Gained mutation: Your magical capacity is very low. (-20%
                  | MP) [potion of mutation]
 73418 | Lair:6   | Gained mutation: You are partially covered in yellow
                  | scales. (AC +2) [potion of mutation]
 73787 | Vaults:3 | Fell from the grace of Okawaru
 73787 | Vaults:3 | Became a worshipper of the Shining One
 73827 | Crypt:1  | Entered Level 1 of the Crypt
 73856 | Crypt:1  | Reached * piety under the Shining One
 73899 | Crypt:1  | Reached ** piety under the Shining One
 74113 | Crypt:1  | Reached *** piety under the Shining One
 74254 | Crypt:1  | Reached **** piety under the Shining One
 74468 | Crypt:1  | Reached ***** piety under the Shining One
 74911 | Crypt:1  | Noticed Boris
 74929 | Crypt:1  | Killed Boris
 75277 | Crypt:1  | You are sucked into a shaft and drop 1 floor!
 75288 | Crypt:2  | Noticed Bai Suzhen
 75312 | Crypt:2  | Killed Bai Suzhen
 75315 | Crypt:2  | Noticed Frederick
 75340 | Crypt:2  | Killed Frederick
 75383 | Crypt:2  | Reached ****** piety under the Shining One
 75394 | Crypt:2  | Identified a +9 sacred scourge of holy wrath (a +9 spectral
                  | demon whip blessed by the Shining One)
 75394 | Crypt:2  | Received a gift from the Shining One
 75572 | Crypt:2  | Noticed Jory
 75581 | Crypt:2  | Killed Jory
 76300 | Crypt:3  | Entered Level 3 of the Crypt
 76765 | Crypt:3  | Found a staircase to the Tomb.
 77146 | Crypt:3  | HP: 5/199 [daeva collision[the fury of Okawaru] (9)]
 77910 | Crypt:3  | Found an ancient bone altar of Kikubaaqudgha.
 78084 | Crypt:3  | Noticed an ancient lich
 78091 | Crypt:3  | Killed an ancient lich
 78092 | Crypt:3  | Reached skill level 15 in Invocations
 78110 | Crypt:3  | Acquired the amulet "Nuxoj" {Reflect rF+ SH+5}
 78226 | Crypt:3  | Noticed a royal mummy
 78229 | Crypt:3  | Noticed Khufu
 78229 | Crypt:3  | Noticed a royal mummy
 78244 | Crypt:3  | Killed Khufu
 78275 | Crypt:3  | Killed a royal mummy
 78388 | Crypt:3  | Killed a royal mummy
 79061 | Crypt:3  | Identified the ring "Hoenler" {rElec rN+ Int+2 SInv} (You
                  | found it on level 3 of the Crypt)
 79063 | Crypt:3  | Identified the ring of Luecim {+Inv rN+ Int+4} (You found
                  | it on level 3 of the Crypt)
 79065 | Crypt:3  | Identified the ring of Zedior {rN+ Will+++} (You found it
                  | on level 3 of the Crypt)
 79682 | Zot:1    | Entered Level 1 of the Realm of Zot
 79727 | Zot:1    | Acquired a manual of Crossbows
 82757 | Zot:2    | Identified the amulet "Ehijun" {Spirit Int+4} (You found it
                  | on level 2 of the Realm of Zot)
 83054 | Hell     | Entered the Vestibule of Hell
 83054 | Hell     | Noticed Geryon
 83103 | Hell     | Killed Geryon
 83150 | Hell     | Found a gateway to the ashen valley of Gehenna.
 83335 | Hell     | Found a gateway to the Iron City of Dis.
 83444 | Hell     | Found a gateway to the freezing wastes of Cocytus.
 83556 | Hell     | Found a gateway to the decaying netherworld of Tartarus.
 83704 | Hell     | Was forgiven by Okawaru
 84011 | Depths:1 | Voluntarily entered the Abyss.
 84189 | Abyss:2  | Gained mutation: You are clumsy. (Dex -2) [a neqoxec]
 84721 | Abyss:2  | Found an iron altar of Okawaru.
 85467 | Abyss:3  | Paralysed by accursed screaming for 1 turns
 85491 | Abyss:3  | Got an abyssal rune of Zot
 85505 | Depths:1 | Escaped the Abyss
 85507 | Depths:1 | Voluntarily entered the Abyss.
 85539 | Abyss:1  | Gained mutation: You are dopey. (Int -2) [a neqoxec]
 85740 | Depths:1 | Escaped the Abyss
 86027 | Pan      | Entered Pandemonium
 86508 | Pan      | Entered the realm of Gloorx Vloq.
 86636 | Pan      | Noticed Gloorx Vloq
 86647 | Pan      | Killed Gloorx Vloq
 86657 | Pan      | Got a dark rune of Zot
 86924 | Pan      | Gained mutation: Your spells are a little easier to cast,
                  | but a little less powerful. [a cacodemon]
 87192 | Pan      | Noticed Beguu the pandemonium lord
 87209 | Pan      | Killed Beguu the pandemonium lord
 87243 | Pan      | Got a demonic rune of Zot
 87397 | Pan      | Noticed Oryak the pandemonium lord
 87409 | Pan      | Killed Oryak the pandemonium lord
 87913 | Pan      | Found an exit through the horrors of the Abyss.
 88071 | Pan      | Noticed Rovuolen the pandemonium lord
 88079 | Pan      | Killed Rovuolen the pandemonium lord
 88272 | Pan      | Entered the realm of Cerebov.
 88535 | Pan      | Identified the amulet "Ymaasina" {Spirit rC+ rN+ SInv}
 88608 | Pan      | Identified the +6 sword of Cerebov {flame}
 88608 | Pan      | Noticed Cerebov
 88614 | Pan      | Identified the ring "Niuprioje" {rN+ EV+4 Int+4}
 88817 | Pan      | Identified the +4 flail "Paeptonoaro" {venom, +Inv}
 88842 | Pan      | Identified the +10 spear "Kopre" {vorpal, rPois}
 88864 | Pan      | Identified the +1 leather armour of Iriqoir {Rampage rCorr
                  | Str-5 Int+5}
 88874 | Pan      | Reached skill level 27 in Invocations
 88908 | Pan      | Killed Cerebov
 88930 | Pan      | Got a fiery rune of Zot
 89026 | Pan      | Entered the realm of Mnoleg.
 89084 | Pan      | Gained mutation: You are occasionally teleported next to
                  | monsters. [a cacodemon]
 89088 | Pan      | Gained mutation: You are frail. (-10% HP) [a neqoxec]
 89091 | Pan      | Lost mutation: You are partially covered in yellow scales.
                  | (AC +2) [potion of mutation]
 89091 | Pan      | Lost mutation: You are dopey. (Int -2) [potion of mutation]
 89091 | Pan      | Lost mutation: You do not regenerate when monsters are
                  | visible. [potion of mutation]
 89091 | Pan      | Gained mutation: Your flesh is heat resistant. (rF+)
                  | [potion of mutation]
 89091 | Pan      | Gained mutation: You are highly strong-willed. (Will++)
                  | [potion of mutation]
 89092 | Pan      | Lost mutation: You are occasionally teleported next to
                  | monsters. [potion of mutation]
 89092 | Pan      | Lost mutation: You are very weak. (Str -4) [potion of
                  | mutation]
 89092 | Pan      | Lost mutation: You are frail. (-10% HP) [potion of
                  | mutation]
 89092 | Pan      | Gained mutation: Your spells are easier to cast, but less
                  | powerful. [potion of mutation]
 89092 | Pan      | Lost mutation: Scrolls take you a little longer to read.
                  | [potion of mutation]
 89092 | Pan      | Gained mutation: Your skin changes colour to match your
                  | surroundings (Stealth+). [potion of mutation]
 89212 | Pan      | Found an exit through the horrors of the Abyss.
 89405 | Pan      | Gained mutation: Your flesh is cold resistant. (rC+) [a
                  | neqoxec]
 89414 | Pan      | Lost mutation: You are highly strong-willed. (Will++) [a
                  | neqoxec]
 89688 | Pan      | Noticed Mnoleg
 89697 | Pan      | Gained mutation: Your body sometimes deteriorates upon
                  | taking damage. [a neqoxec]
 89700 | Pan      | Killed Mnoleg
 89770 | Pan      | Got a glowing rune of Zot
 89850 | Pan      | Entered the realm of Lom Lobon.
 89930 | Pan      | Noticed Lom Lobon
 90007 | Pan      | Found an exit through the horrors of the Abyss.
 90604 | Pan      | Killed Lom Lobon
 90642 | Pan      | Got a magical rune of Zot
 90804 | Pan      | Took an exit into the Abyss.
 90804 | Abyss:1  | Escaped into the Abyss
 90861 | Depths:3 | Escaped the Abyss
 90927 | Coc:1    | Entered Level 1 of Cocytus
 91582 | Coc:3    | You are sucked into a shaft and drop 1 floor!
 91634 | Coc:4    | You are sucked into a shaft and drop 1 floor!
 91783 | Coc:5    | You are sucked into a shaft and drop 1 floor!
 91872 | Coc:7    | Entered Level 7 of Cocytus
 92566 | Coc:7    | Identified the Collected Works on Ignition and Envenoming
 92706 | Coc:7    | Got a vibrating wooden ring
 92707 | Coc:7    | Identified the cursed ring "Yzxoxum" {+Fly rN+++ Str-5
                  | Int-5 Slay-4} (You found it on level 7 of Cocytus)
 92947 | Coc:7    | Noticed Antaeus
 92968 | Coc:7    | Killed Antaeus
 93006 | Coc:7    | Got an icy rune of Zot
 93140 | Geh:1    | Entered Level 1 of Gehenna
 93549 | Geh:7    | Entered Level 7 of Gehenna
 93871 | Geh:7    | Reached skill level 27 in Maces & Flails
 93915 | Geh:7    | Identified the +1 leather armour of Servitude {Rampage
                  | +Blink rPois}
 93939 | Geh:7    | Identified the Tome of Cankerous Moulding
 94544 | Geh:7    | Identified the +7 sceptre of Asmodeus
 94544 | Geh:7    | Noticed Asmodeus
 94545 | Geh:7    | Found the amulet of the Four Winds {rN+ Will+++ Clar}
 94560 | Geh:7    | Killed Asmodeus
 94570 | Geh:7    | Identified Giyscheuq's Tome of the Voyage
 94585 | Geh:7    | Got an obsidian rune of Zot
 94714 | Tar:1    | Entered Level 1 of Tartarus
 95105 | Tar:6    | You are sucked into a shaft and drop 1 floor!
 95105 | Tar:7    | Entered Level 7 of Tartarus
 95106 | Tar:7    | Noticed Ereshkigal
 95120 | Tar:7    | Noticed an ancient lich
 95129 | Tar:7    | Killed an ancient lich
 95130 | Tar:7    | Noticed an ancient lich
 95138 | Tar:7    | Killed an ancient lich
 95543 | Tar:7    | Identified the cursed +0 tower shield "Caawk" {Str+3 Int+2}
 95558 | Tar:7    | Killed Ereshkigal
 95829 | Tar:7    | Identified the ring of Hepliaklqana's Pride {*Slow +Blink
                  | Will+ rCorr Int+7} (You found it on level 7 of Tartarus)
 95862 | Tar:7    | Found the +9 staff of Wucad Mu {channel}
 95912 | Tar:7    | Got a bone rune of Zot
 96077 | Dis:1    | Entered Level 1 of the Iron City of Dis
 96416 | Dis:3    | Reached skill level 27 in Armour
 96772 | Dis:4    | You are sucked into a shaft and drop 2 floors!
 96849 | Dis:7    | Entered Level 7 of the Iron City of Dis
 97436 | Dis:7    | Identified the +4 staff of Dispater
 97436 | Dis:7    | Noticed Dispater
 97463 | Dis:7    | Killed Dispater
 97464 | Dis:7    | Reached skill level 27 in Shields
 97467 | Dis:7    | Identified the Reference Book on Cloudy Venom
 97470 | Dis:7    | Got an iron rune of Zot
 97762 | Zig:1    | Entered Level 1 of a ziggurat
 98184 | Tomb:1   | Entered Level 1 of the Tomb of the Ancients
 98892 | Tomb:1   | Identified the +0 pair of boots of Integrity {+Fly Str+3
                  | Dex+5 Stlth+} (You found it on level 1 of the Tomb of the
                  | Ancients)
 99041 | Tomb:2   | Noticed a royal mummy
 99044 | Tomb:2   | Noticed a royal mummy
 99058 | Tomb:2   | Killed a royal mummy
 99059 | Tomb:2   | Killed a royal mummy
 99063 | Tomb:2   | Noticed a royal mummy
 99071 | Tomb:2   | Killed a royal mummy
 99082 | Tomb:2   | Noticed a royal mummy
 99095 | Tomb:2   | Killed a royal mummy
 99477 | Tomb:1   | Noticed a royal mummy
 99488 | Tomb:1   | Killed a royal mummy
 99489 | Tomb:1   | Reached skill level 15 in Evocations
 99500 | Tomb:1   | Noticed a royal mummy
 99508 | Tomb:1   | Killed a royal mummy
 99517 | Tomb:1   | Noticed a royal mummy
 99517 | Tomb:1   | Noticed a royal mummy
 99529 | Tomb:1   | Killed a royal mummy
 99546 | Tomb:1   | Killed a royal mummy
 99805 | Tomb:1   | Noticed a royal mummy
 99814 | Tomb:1   | Killed a royal mummy
 99896 | Tomb:1   | Noticed a royal mummy
 99907 | Tomb:1   | Killed a royal mummy
 99979 | Tomb:1   | Noticed a royal mummy
 99987 | Tomb:1   | Killed a royal mummy
100104 | Tomb:1   | Noticed a royal mummy
100112 | Tomb:1   | Killed a royal mummy
100114 | Tomb:1   | Noticed a royal mummy
100114 | Tomb:1   | Noticed a royal mummy
100124 | Tomb:1   | Killed a royal mummy
100125 | Tomb:1   | Killed a royal mummy
100239 | Tomb:1   | Noticed a royal mummy
100248 | Tomb:1   | Noticed a royal mummy
100249 | Tomb:1   | Killed a royal mummy
100258 | Tomb:1   | Killed a royal mummy
100302 | Tomb:1   | Noticed a royal mummy
100308 | Tomb:1   | Noticed a royal mummy
100310 | Tomb:1   | Noticed a royal mummy
100314 | Tomb:1   | Killed a royal mummy
100323 | Tomb:1   | Killed a royal mummy
100327 | Tomb:1   | Killed a royal mummy
100702 | Tomb:1   | Noticed a royal mummy
100710 | Tomb:1   | Killed a royal mummy
100738 | Tomb:1   | Noticed a royal mummy
100746 | Tomb:1   | Killed a royal mummy
102223 | Tomb:3   | Entered Level 3 of the Tomb of the Ancients
102235 | Tomb:3   | Noticed a royal mummy
102239 | Tomb:3   | Noticed a royal mummy
102243 | Tomb:3   | Killed a royal mummy
102243 | Tomb:3   | Noticed a royal mummy
102244 | Tomb:3   | Noticed a royal mummy
102250 | Tomb:3   | Killed a royal mummy
102251 | Tomb:3   | Noticed a royal mummy
102254 | Tomb:3   | Killed a royal mummy
102255 | Tomb:3   | Killed a royal mummy
102292 | Tomb:3   | Got a golden rune of Zot
102312 | Tomb:3   | Noticed a royal mummy
102317 | Tomb:3   | Noticed Mennas
102323 | Tomb:3   | Killed a royal mummy
102328 | Tomb:3   | Noticed a royal mummy
102347 | Tomb:3   | Killed Mennas
102358 | Tomb:3   | Killed a royal mummy
102360 | Tomb:3   | Noticed a royal mummy
102369 | Tomb:3   | Killed a royal mummy
104636 | Zot:4    | Gained mutation: Armour fits poorly on your strangely
                  | shaped body. [mutagenic glow]
105303 | Zot:5    | Entered Level 5 of the Realm of Zot
105409 | Zot:5    | Found a runed translucent gate.
105409 | Zot:5    | Found a runed translucent gate.
105409 | Zot:5    | Found a runed translucent gate.
105821 | Zot:5    | Noticed an orb of fire
106436 | Zot:5    | Noticed an ancient lich
106463 | Zot:5    | Gained mutation: You are very clumsy. (Dex -4) [an orb of
                  | fire]
106467 | Zot:5    | Killed an ancient lich
106469 | Zot:5    | Lost mutation: Your magical capacity is very low. (-20% MP)
                  | [an orb of fire]
106472 | Zot:5    | Lost mutation: Armour fits poorly on your strangely shaped
                  | body. [an orb of fire]
106475 | Zot:5    | Gained mutation: You tend to lose your temper in combat.
                  | [an orb of fire]
106478 | Zot:5    | Killed an orb of fire
106528 | Zot:5    | Found the +3 pair of gauntlets of War {Slay+5}
106604 | Zot:5    | Noticed an orb of fire
106623 | Zot:5    | Killed an orb of fire
106632 | Zot:5    | Noticed an ancient lich
106633 | Zot:5    | Noticed an ancient lich
106772 | Zot:5    | Killed an ancient lich
106773 | Zot:5    | Killed an ancient lich
106833 | Zot:5    | Noticed an orb of fire
106837 | Zot:5    | Gained mutation: You are frail. (-10% HP) [an orb of fire]
106847 | Zot:4    | Killed an orb of fire
107029 | Zot:4    | Lost mutation: Your flesh is heat resistant. (rF+) [potion
                  | of mutation]
107029 | Zot:4    | Lost mutation: Your body sometimes deteriorates upon taking
                  | damage. [potion of mutation]
107029 | Zot:4    | Lost mutation: You are very clumsy. (Dex -4) [potion of
                  | mutation]
107029 | Zot:4    | Lost mutation: Your magical capacity is low. (-10% MP)
                  | [potion of mutation]
107029 | Zot:4    | Lost mutation: Your spells are easier to cast, but less
                  | powerful. [potion of mutation]
107029 | Zot:4    | Gained mutation: Your mind is acute. (Int +2) [potion of
                  | mutation]
107030 | Zot:4    | Lost mutation: Your spells are a little easier to cast, but
                  | a little less powerful. [potion of mutation]
107030 | Zot:4    | Lost mutation: You are frail. (-10% HP) [potion of
                  | mutation]
107030 | Zot:4    | Gained mutation: You are somewhat resistant to further
                  | mutation. [potion of mutation]
107030 | Zot:4    | Lost mutation: You tend to lose your temper in combat.
                  | [potion of mutation]
107318 | Zot:5    | Got the Orb of Zot
107836 | D:5      | Noticed Zachetoi the pandemonium lord
107842 | D:5      | Killed Zachetoi the pandemonium lord
107913 | D:2      | Identified the +4 tower shield "Vowkoheff" {*Contam rCorr
                  | Int+2}
107957 | D:$      | Escaped with the Orb!

Illustrated notes

Levels and vault maps discovered:
D:1:      tarquinn_simple_flora_water_e, layout_basic
D:2:      layout_loops_ring
D:3:      layout_loops_ring, minmay_cut_off
D:4:      layout_basic, vehumet_crystals
D:5:      layout_gridville, minivault_4
D:6:      layout_rooms, zin_treasury, nemelex_xobeh_ov_fountains_minmay,
          minmay_liquid_box, kennysheep_generic_room_14
D:7:      layout_basic, minmay_temple_entry_mist, uniq_joseph
D:8:      layout_gridville, nzn_ghost_randoct, bh_walls_and_bars
D:9:      layout_basic, gammafunk_temple_overflow_pools, marbit_many_paths,
          kennysheep_generic_room_12
D:10:     layout_small_grid, david_lair_shrubbed, basic_altar, uniq_grum,
          uniq_gastronok
D:11:     layout_basic, orc_0_dummy, enter_bailey_3, uniq_maurice,
          uniq_josephine
D:12:     layout_roguey
D:13:     layout_rooms, david_vaults_4, basic_altar, minmay_fountain_box
D:14:     layout_big_octagon, portal_ice_cave_entry_imps,
          nicolae_ru_the_path_less_chosen, feat_on_display
D:15:     grunt_enter_depths_snipers, layout_basic, dk_noncrumbling_3,
          uniq_jorgrun
Temple:   lightli_temple_of_artemis
Lair:1:   layout_hall_layers, infiniplex_staircase_pool_2
Lair:2:   layout_regular_city, nicolae_spider_entry_orb_guardian, uniq_harold
Lair:3:   layout_chaotic_city, beast_lair_carwin_7, infiniplex_staircase_pool,
          lemuel_fruit_fields, lemuel_fruit_fields
Lair:4:   layout_cellular_growth, minmay_swamp_entry_reptiles
Lair:5:   layout_gridlike, nicolae_volcano_entry_s_turn, kilobyte_rumbling_trees
Lair:6:   hangedman_lair_in_review, layout_concentric_octagons,
          guppyfry_lair_end_dragon, minmay_slime_entry_oklob_enclosed,
          disabler_island, serial_bayou_shore_b, serial_bayou_shore_a
Swamp:1:  layout_basic_swamp, evilmike_swamp_ruin_house_5, swamp_pool5,
          cheibrodos_swamp_minitomb, uniq_louise
Swamp:2:  gammafunk_worm_tunnel, layout_basic_swamp,
          evilmike_swamp_ruin_rubble_2, uniq_roxanne
Swamp:3:  layout_falls_marsh, evilmike_swamp_ruin_rubble_1
Swamp:4:  swamp_vile, layout_basic_swamp, swamp_pool3
Spider:1: layout_chambers
Spider:2: layout_spider_delve
Spider:3: layout_spider_delve, lemuel_hornet_nest
Spider:4: grunt_spider_rune_circles
Slime:1:  layout_caves, nicolae_slime_phagocytosis
Slime:2:  layout_caves, dissolution_awaits
Slime:3:  layout_caves, nicolae_slime_welcoming_committee
Slime:4:  layout_caves
Slime:5
Orc:1:    layout_caves, serial_shops, shop, okawaru_metal_pillars_1_2,
          uniq_erolcha
Orc:2:    grunt_orc_gardens, layout_diamond_mine, grunt_orc_garden,
          grunt_orc_garden, grunt_orc_garden, grunt_orc_garden, special_room
Elf:1:    layout_geoelf_grid, serial_shops, bzr_in_the_mist,
          minmay_elf_necromancy, nicolae_elf_stone_circles, uniq_azrael
Elf:2:    layout_onion_city, portal_desolation_entry_garden, serial_shops,
          bzr_entry_dummy
Elf:3:    minmay_elf_hall, layout_geoelf_diagonals, minmay_shoptagon
Vaults:1: nicolae_vaults_rhombus_6, vaults_room_grunt_arrival_checkpoint,
          v_rooms_1, hangedman_vaults_corner, vaults_mumra_chevron,
          vaults_room_pools, v_rooms_3, v_alt_pattern_2, v_alt_pattern_4,
          hangedman_vaults_snaps, nicolae_vaults_little_ls,
          ontoclasm_vaults_decontamination, nicolae_vaults_specimen_jars,
          layout_vaults_ring, serial_shops, shop, uniq_aizul
Vaults:2: nicolae_vaults_circle_grid_b, nicolae_vaults_angled_halls,
          hangedman_vaults_trim, hangedman_vaults_impose, v_misc_15, v_misc_4,
          vaults_dpeg_encased_lava, v_misc_29, nicolae_vaults_border_crossing,
          ontoclasm_vaults_chip, layout_vaults_omnigrid, serial_shops,
          nicolae_shop_crystal
Vaults:3: hangedman_vaults_unwind, v_misc_1, v_alt_pattern_3, v_misc_28,
          vaults_dpeg_spiral, grunt_vaults_bifocal, v_alt_pattern_4,
          vaults_mumra_minichess, hangedman_vaults_trim, v_alt_pattern_1,
          blue_anna_dwarven_crypt, layout_vaults_big_room, basic_altar,
          serial_shops, shop, shop, nicolae_shop_crystal, shop
Vaults:4: v_misc_2, v_rooms_6, v_misc_14, hangedman_vaults_capsules,
          nicolae_vaults_mini_display_case, hangedman_vaults_stream,
          grunt_vaults_hallway_short, ontoclasm_vaults_ligature,
          nicolae_vaults_little_squares_3, nicolae_vaults_diagonal_hallway_7,
          vaults_room_large_hall, ontoclasm_vaults_pinch, layout_vaults_omnibox,
          serial_shops, nicolae_shop_stone, uniq_xtahua, uniq_saint_roka
Vaults:5
Crypt:1:  hangedman_staggered_hall, layout_gridlike, weyrava_lich_vault,
          uniq_boris
Crypt:2:  layout_rooms, st_burial_chamber, roderic_lattice_octagonal_star,
          uniq_jory, uniq_frederick, uniq_bai_suzhen
Crypt:3:  evilmike_haunted_forest, uniq_khufu
Tomb:1
Tomb:2
Tomb:3:   uniq_mennas
Depths:1: layout_basic, chequers_serial_rivers_room_b,
          hangedman_abyss_entry_splay, hell_entry, minmay_splitting_lines,
          minmay_fire_ice_demons, minmay_shop_star
Depths:2: grunt_x_marks_the_spot, layout_basic, enter_ziggurat_a,
          hangedman_decor_points, pf_hell_entry_great_geh, wad_floor_pattern_1,
          infiniplex_staircase_zigzag_1, minmay_shop_grove
Depths:3: grunt_arcs, layout_gridlike, pan_entry, grunt_mini_vestibule,
          minmay_misc_feat_nine_boxes, nrook_pool_corridor,
          lemuel_flamethrower_2
Depths:4: minmay_strange_plus, layout_gridlike,
          nicolae_abyss_entry_one_way_or_another, hell_entry,
          kennysheep_crisscross, hangedman_decor_lopped,
          infiniplex_staircase_spiral, uniq_margery
Depths:5: lemuel_castle_with_subvaults [lemuel_castle_interior_carwin_3],
          layout_long_grid, kennysheep_doodads, hell_entry, abyss_entry_crystal,
          roderic_serpentine_path
Hell
Dis:1:    layout_overlapping_boxes
Dis:2:    layout_chaotic_city, hangedman_dis_decor_blocks_crown
Dis:3:    layout_overlapping_boxes, grunt_megastairs_3
Dis:4:    layout_chaotic_city, grunt_dis_stairs_iron_hall
Dis:6:    layout_gridville
Dis:7:    dis_st
Geh:1:    layout_gehenna_pools_triple, gehenna_fire_generator
Geh:2:    layout_gehenna_pools_triple
Geh:3:    layout_gehenna_pools_box, grunt_megastairs_1
Geh:4:    layout_gehenna_pools_basic
Geh:5:    layout_gehenna_lava_caves
Geh:6:    layout_gehenna_lava_caves
Geh:7:    geh_grunt_pentagon
Coc:1:    layout_cocytus_water_paths
Coc:2:    layout_cocytus_delve, nicolae_coc_ice_floe
Coc:3:    layout_ice_bergs
Coc:4:    layout_cocytus_water_paths
Coc:5:    layout_ice_bergs
Coc:6:    layout_ice_bergs
Coc:7:    coc_mu
Tar:1:    layout_grid_maze
Tar:2:    layout_grid_maze, nicolae_tar_cuneiform_three
Tar:3:    layout_cathedral_of_symmetry, nicolae_tar_cuneiform_bread,
          hangedman_restless_catacombs
Tar:4:    layout_grid_maze, nicolae_tar_cuneiform_bread
Tar:5:    layout_catacombs
Tar:6:    layout_grid_maze, lemuel_nasty_fountain
Tar:7:    tar_grunt_cathedral
Zot:1:    evilmike_crystal_ball_defense, layout_cathedral_of_symmetry
Zot:2:    layout_onion_interference, st_large_dragon_hoard_3
Zot:3:    layout_gridlike, grunt_megastairs_2
Zot:4:    layout_concentric_octagons, skrybe_zot_glass_2
Zot:5:    layout_basic, gammafunk_ghost_tricky_traps

Skill      XL: |  1  2  3  4  5  6  7  8  9 10 11 12 13 14 15 16 17 18 19 20 21 22 23 24 25 26 27 |
---------------+----------------------------------------------------------------------------------+-----
Maces & Flails | 3 4 5 6 7 8 11 12 13 14 16 18 21 27 | 27.0
Shields        | 4 5 6 7 10 12 14 15 17 19 20 27 | 27.0
Fighting       | 5 6 7 10 13 15 16 18 20 21 23 25 27 | 27.0
Armour         | 5 6 7 9 10 11 15 18 20 21 22 27 | 27.0
Invocations    | 5 6 7 9 10 27 | 27.0
Evocations     | 5 6 10 12 25 | 25.4

Action                   |  1- 3 |  4- 6 |  7- 9 | 10-12 | 13-15 | 16-18 | 19-21 | 22-24 | 25-27 || total
-------------------------+-------+-------+-------+-------+-------+-------+-------+-------+-------++-------
Melee: Flail             |   151 |   248 |    51 |       |       |       |       |       |       ||   450
       Mace              |       |       |   222 |       |       |       |       |       |       ||   222
       Morningstar       |       |       |   230 |   944 |   814 |       |       |       |       ||  1988
       Dire flail        |       |       |       |       |   358 |       |       |       |       ||   358
       Demon whip        |       |       |       |       |    87 |  2072 |  1641 |  1766 |  1359 ||  6925
       Sacred scourge    |       |       |       |       |       |       |       |       |  6184 ||  6184
       Eveningstar       |       |       |       |       |       |       |       |       |   409 ||   409
Throw: Boomerang         |       |       |       |       |     1 |       |     1 |       |       ||     2
       Throwing net      |       |       |       |       |       |       |       |       |     1 ||     1
Invok: Heroism           |       |       |       |     5 |    12 |    21 |     1 |     5 |     7 ||    51
       Finesse           |       |       |       |     3 |     8 |     5 |     1 |     2 |     6 ||    25
       Cleansing Flame   |       |       |       |       |       |       |       |       |   281 ||   281
       Summon Divine War |       |       |       |       |       |       |       |       |    28 ||    28
       Brand Weapon With |       |       |       |       |       |       |       |       |     1 ||     1
 Abil: Fly               |       |       |       |       |     1 |       |       |       |     1 ||     2
       Evoke Blink       |       |       |       |       |       |       |       |       |     2 ||     2
       Stop Flying       |       |       |       |       |       |       |       |       |     1 ||     1
Evoke: Wand              |       |       |     1 |     2 |     1 |    11 |       |     5 |    24 ||    44
       Tin of tremorston |       |       |       |       |       |       |       |     1 |     1 ||     2
  Use: Scroll            |       |       |    10 |    11 |    26 |    10 |    14 |    15 |    51 ||   137
       Potion            |       |       |       |     4 |     2 |     2 |       |     2 |    36 ||    46
 Stab: Petrified         |       |       |       |       |     6 |       |       |       |       ||     6
       Invisible         |       |       |       |       |     2 |     1 |       |       |       ||     3
       Distracted        |       |       |       |       |       |    12 |    14 |    13 |    10 ||    49
       Held in net/web   |       |       |       |       |       |     4 |       |       |       ||     4
Armor: Scale mail        |    70 |    56 |       |       |       |       |       |       |       ||   126
       Chain mail        |       |    80 |   335 |   414 |   734 |   995 |   136 |       |       ||  2694
       Crystal plate arm |       |       |       |       |       |       |   439 |   441 |  2737 ||  3617
Dodge: Dodged            |    54 |    61 |   124 |   194 |   353 |   414 |   163 |   108 |   632 ||  2103
Block: Kite shield       |    66 |   131 |   298 |   458 |   523 |  1119 |   389 |       |       ||  2984
       Tower shield      |       |       |       |       |       |       |   546 |  1424 |  7466 ||  9436
       Reflection        |       |       |       |       |       |       |    71 |   131 |   238 ||   440
